 Dungeon Crawl Stone Soup version 0.22.0-27-ga576289 (webtiles) character file.

7295 shmeve the Blocker (level 10, 0/136 HPs)
             Began as a Minotaur Berserker on Aug 22, 2018.
             Was a High Priest of Trog.
             Slain by Urug
             ... wielding a +2 double sword of protection
              (16 damage)
             ... on level 10 of the Dungeon.
             The game lasted 00:25:58 (8528 turns).

shmeve the Blocker (Minotaur Berserker)             Turns: 8528, Time: 00:25:59

Health: 0/136      AC: 22    Str: 34    XL:     10   Next: 89%
Magic:  1/9        EV:  9    Int:  4    God:    Trog [*****.]
Gold:   180        SH: 13    Dex: 10    Spells: 9/9 levels left

rFire    . . .     SeeInvis .   w - +0 war axe
rCold    . . .     Gourm    .   B - +0 shield
rNeg     . . .     Faith    .   N - +0 plate armour
rPois    .         Spirit   .   (helmet restricted)
rElec    +         Reflect  .   z - +0 cloak
rCorr    .         Harm     +   p - +0 pair of gloves
MR       .....                  y - +0 pair of boots
Stlth    ..........             i - amulet of harm
HPRegen  0.32/turn              x - ring of Propriety {*Drain +Fly rElec AC+3 Str+4}
MPRegen  0.11/turn              v - +3 ring of protection

@: berserking, very quick
A: retaliatory headbutt, horns 2
a: Berserk, Trog's Hand, Brothers in Arms, Renounce Religion, Evoke Flight


You were on level 10 of the Dungeon.
You worshipped Trog.
Trog was extremely pleased with you.
You were hungry.

You visited 2 branches of the dungeon, and saw 11 of its levels.

You collected 685 gold pieces.
You spent 505 gold pieces at shops.

Inventory:

Hand Weapons
 w - a +0 war axe (weapon)
Missiles
 L - 8 steel javelins (quivered)
Armour
 p - a +0 pair of gloves (worn)
 y - a +0 pair of boots (worn)
 z - a +0 cloak (worn)
 B - a +0 shield (worn)
 N - a +0 plate armour (worn)
Jewellery
 i - an amulet of harm (around neck)
 k - an uncursed ring of protection from magic
 r - a +2 ring of protection
 v - a +3 ring of protection (right hand)
 x - the ring of Propriety (left hand) {*Drain +Fly rElec AC+3 Str+4}
   (You bought it in a shop on level 9 of the Dungeon)

   [ring of protection]

   It affects your AC (+3).
   It affects your strength (+4).
   It insulates you from electricity.
   It lets you fly.
   It causes draining when unequipped.
Wands
 t - a wand of digging (14)
Scrolls
 a - a scroll of enchant weapon {unknown}
 b - a scroll of fog {unknown}
 d - 3 scrolls of magic mapping
 f - 7 scrolls of remove curse
 l - 10 scrolls of identify
 m - 2 scrolls of random uselessness {unknown}
 n - 3 scrolls of fear {unknown}
 o - 4 scrolls of teleportation {unknown}
 q - a scroll of noise {unknown}
 s - 4 scrolls of enchant armour
 C - a scroll of holy word {unknown}
 G - a scroll of summoning {unknown}
 I - a scroll of immolation {unknown}
 J - a scroll of vulnerability {unknown}
Potions
 e - 3 potions of brilliance {unknown}
 g - 4 potions of haste {unknown}
 h - 2 potions of cancellation {unknown}
 j - 2 potions of mutation {unknown}
 u - 2 potions of agility
 A - 2 potions of flight {unknown}
 D - a potion of berserk rage {unknown}
 E - 2 potions of degeneration {unknown}
 F - 2 potions of curing {unknown}
 H - a potion of heal wounds {unknown}
Comestibles
 c - 16 rations
 K - 3 chunks of flesh


   Skills:
 * Level 9.0 Fighting
 * Level 9.1 Axes
 * Level 6.9 Throwing
 + Level 6.2 Armour
 + Level 5.8 Dodging
 * Level 11.2 Shields


You had 9 spell levels left.
You didn't know any spells.
Your spell library was empty.

Dungeon Overview and Level Annotations

Branches:
Dungeon (10/15)            Temple (1/1) D:4             Orc (0/2) D:9
   Lair: D:8-11

Altars:
Cheibriados
Dithmenos
Elyvilon
Fedhas
Hepliaklqana
Makhleb
Nemelex Xobeh
Okawaru
Qazlal
Ru
Sif Muna
Vehumet
Xom
Yredelemnul
Zin

Shops:
D:9 :%(?*

Annotations:
D:10 Urug


Innate Abilities, Weirdness & Mutations

You reflexively headbutt those who attack you in melee.
You have a pair of horns on your head.


Message History

Urug hits you but does no damage.
A red film seems to cover your vision as you go berserk!
You feel yourself moving faster!
You feel mighty!
You are feeling hungry.
You block Urug's attack.
You barely miss Urug. You headbutt Urug.
Urug is heavily wounded.
Urug hits you with a double sword of protection.
* * * LOW HITPOINT WARNING * * *
You slash Urug! Your headbutt misses Urug.
Urug is severely wounded.
You barely miss Urug. Your headbutt misses Urug.
Urug is severely wounded.
You block Urug's attack.
You miss Urug.
Urug is severely wounded.
You barely miss Urug.
Urug is severely wounded.
Urug hits you with a double sword of protection!
You die...

#..##..# #..##..#.
#..##..# #..##..#.
#..##..# #..##..#.
#(.##..###..##....
#(.##.........)... ..
#(.##.........))..
....###..##..###.....###
.........##..# #.....# #
.....##@.##..# #.....# #
.... #o.##..# #.....# #
... #......# #.....# #
.. #...... #.....# # .
#.####.# #.....# # #.#
.. # #.# . ..#


You could see Urug.

Vanquished Creatures
  Pikel (D:5)
  A deep elf mage (D:9)
  Joseph (D:7)
  A kobold demonologist (D:8)
  Grinder (D:5)
  A spriggan (D:9)
  Sigmund (D:3)
  A hungry ghost (D:9)
  A steam dragon (D:8)
  A black bear (D:6)
  2 phantoms
  A slave (D:5)
  5 sky beasts
  6 orc warriors
  5 ogres
  An eye of draining (D:10)
  4 centaurs
  A crocodile (D:8)
  2 bullfrogs
  11 big kobolds (D:8)
  5 scorpions
  3 killer bees (D:7)
  4 crimson imps
  4 jellies
  A quasit (D:6)
  4 bullfrog skeletons
  5 hounds
  8 orc priests
  12 orc wizards
  2 centaur skeletons
  Jessica (D:3)
  An iguana (D:8)
  8 worker ants
  A killer bee zombie (D:8)
  A hound zombie (D:7)
  2 hound skeletons
  4 gnolls (D:5)
  10 adders
  3 shadow imps
  2 oozes
  2 adder zombies
  3 adder skeletons
  A worm (D:3)
  2 leopard geckos (D:5)
  42 orcs
  4 giant cockroaches
  5 hobgoblins
  4 jackals
  14 kobolds
  4 quokkas
  2 ball pythons
  A ball python skeleton (D:5)
  4 bats
  2 frilled lizards
  5 goblins
  A leopard gecko zombie (D:6)
  A quokka skeleton (D:8)
  A quokka zombie (D:9)
  9 rats
  A butterfly (D:4)
237 creatures vanquished.

Vanquished Creatures (others)
  A quokka (D:10)
  21 fungi (D:10)
  12 plants (D:10)
34 creatures vanquished.

Grand Total: 271 creatures vanquished

Notes
Turn   | Place    | Note
-------+----------+-------------------------------------------
     0 | D:1      | shmeve the Minotaur Berserker began the quest for the Orb.
     0 | D:1      | Reached XP level 1. HP: 19/19 MP: 0/0
   345 | D:1      | Reached XP level 2. HP: 27/27 MP: 1/1
   842 | D:2      | Found a hazy altar of Hepliaklqana.
   843 | D:2      | Found a shimmering altar of Xom.
   843 | D:2      | Noticed a yak
   844 | D:2      | Noticed a yak
   844 | D:2      | Noticed a spectral ugly thing
   894 | D:2      | Reached skill level 1 in Throwing
  1098 | D:2      | Found a radiant altar of Vehumet.
  1262 | D:2      | Reached XP level 3. HP: 33/33 MP: 2/2
  1755 | D:3      | Found a burning altar of Makhleb.
  1967 | D:3      | Reached ** piety under Trog
  1992 | D:3      | Noticed Sigmund
  2000 | D:3      | Killed Sigmund
  2000 | D:3      | Reached XP level 4. HP: 41/41 MP: 3/3
  2000 | D:3      | Reached XP level 5. HP: 47/47 MP: 4/4
  2161 | D:3      | Found a white marble altar of Elyvilon.
  2213 | D:3      | Found a basalt altar of Yredelemnul.
  2213 | D:3      | Noticed Jessica
  2217 | D:3      | Killed Jessica
  2217 | D:3      | Reached skill level 5 in Fighting
  2440 | D:3      | Found a deep blue altar of Sif Muna.
  2571 | D:4      | Reached skill level 5 in Axes
  2578 | D:4      | Reached XP level 6. HP: 46/56 MP: 5/5
  3009 | D:4      | Found a staircase to the Ecumenical Temple.
  3019 | D:4      | Found a sacrificial altar of Ru.
  3025 | Temple   | Entered the Ecumenical Temple
  3188 | D:5      | Entered Level 5 of the Dungeon
  3214 | D:5      | Reached XP level 7. HP: 58/61 MP: 6/6
  3684 | D:5      | Noticed Grinder
  3684 | D:5      | Noticed Pikel
  3690 | D:5      | Killed Pikel
  3690 | D:5      | Reached XP level 8. HP: 71/71 MP: 7/7
  3699 | D:5      | Killed Grinder
  3699 | D:5      | Reached skill level 5 in Throwing
  3971 | D:5      | Reached *** piety under Trog
  3971 | D:5      | Reached skill level 5 in Armour
  4303 | D:6      | Found a blossoming altar of Fedhas.
  4423 | D:6      | Reached skill level 5 in Dodging
  4423 | D:6      | Reached XP level 9. HP: 80/81 MP: 8/8
  4681 | D:6      | Found an iron altar of Okawaru.
  4786 | D:6      | Found a sparkling altar of Nemelex Xobeh.
  4970 | D:7      | Noticed Joseph
  4980 | D:7      | Killed Joseph
  5062 | D:7      | Reached skill level 1 in Shields
  5236 | D:7      | Reached skill level 2 in Shields
  5292 | D:7      | Reached skill level 3 in Shields
  5326 | D:7      | Reached **** piety under Trog
  5376 | D:7      | Reached skill level 4 in Shields
  5524 | D:7      | Found a stormy altar of Qazlal.
  5528 | D:7      | Reached skill level 5 in Shields
  5771 | D:7      | Reached skill level 6 in Shields
  5951 | D:7      | Found a shadowy altar of Dithmenos.
  6221 | D:8      | Reached skill level 7 in Shields
  6255 | D:8      | Reached XP level 10. HP: 56/90 MP: 9/9
  6493 | D:8      | Found a snail-covered altar of Cheibriados.
  6730 | D:8      | Reached skill level 8 in Shields
  6833 | D:8      | Found a glowing silver altar of Zin.
  6932 | D:8      | Reached ***** piety under Trog
  6933 | D:8      | Noticed a sixfirhy
  6937 | D:8      | Reached skill level 9 in Shields
  6947 | D:8      | Reached skill level 10 in Shields
  7249 | D:9      | Found Efetig's Magic Scroll Shoppe.
  7250 | D:9      | Found Rikky's Weapon Boutique.
  7266 | D:9      | Noticed a deep elf mage
  7274 | D:9      | Killed a deep elf mage
  7432 | D:9      | Bought a scroll of magic mapping for 42 gold pieces
  7432 | D:9      | Bought a scroll of identify for 24 gold pieces
  7432 | D:9      | Bought a scroll of identify for 24 gold pieces
  7432 | D:9      | Bought 2 scrolls of enchant armour for 180 gold pieces
  7432 | D:9      | Bought a scroll of remove curse for 36 gold pieces
  7432 | D:9      | Bought a scroll of identify for 24 gold pieces
  7484 | D:9      | Found Zoud's Assorted Antiques.
  7509 | D:9      | Bought a translucent amber ring for 175 gold pieces
  7509 | D:9      | Identified the ring of Propriety {*Drain +Fly rElec AC+3 Str+4} (You bought it in a shop on level 9 of the Dungeon)
  7678 | D:9      | Received a gift from Trog
  7795 | D:9      | Found Ofeuklu's Food Shop.
  7804 | D:9      | Found Guku Fuh's Book Boutique.
  7807 | D:9      | Reached skill level 11 in Shields
  7978 | D:9      | Found a staircase to the Orcish Mines.
  8047 | D:9      | Received a gift from Trog
  8369 | D:10     | Entered Level 10 of the Dungeon
  8508 | D:10     | Noticed Urug
  8528 | D:10     | Slain by Urug

Skill      XL: |  1  2  3  4  5  6  7  8  9 10 |
---------------+-------------------------------+-----
Fighting       | 4 5 6 7 8 9 |  9.0
Axes           | 4 5 7 8 9 |  9.1
Throwing       | 1 2 3 4 5 6 |  6.9
Armour         | 3 4 5 6 |  6.2
Dodging        | 3 4 5 |  5.8
Shields        | 7 11 | 11.2

Action                   |  1- 3 |  4- 6 |  7- 9 | 10-12 || total
-------------------------+-------+-------+-------+-------++-------
Melee: Hand axe          |    72 |    25 |       |       ||    97
       Headbutt          |    13 |     9 |    39 |    30 ||    91
       War axe           |       |    14 |   213 |   182 ||   409
Invok: Berserk           |     1 |     2 |     3 |     4 ||    10
       Trog's Hand       |       |     1 |     1 |       ||     2
  Use: Scroll            |       |       |       |     1 ||     1
  Eat: Chunk             |     3 |     7 |    14 |     7 ||    31
       Ration            |       |       |       |     1 ||     1
Armor: Animal skin       |    18 |    12 |       |       ||    30
       Scale mail        |       |     1 |   121 |    69 ||   191
       Plate armour      |       |       |       |    30 ||    30
       Chain mail        |       |       |       |    13 ||    13
Dodge: Dodged            |    50 |    22 |   133 |   110 ||   315
Block: Shield            |       |       |       |    65 ||    65
